 Dungeon Sprint DCSS version 0.30-a0-1161-g0704695555 (webtiles) character file.

Game seed: 13455034137535684753

13084 howech the Ninja (level 11, -6/42 (47) HPs)
             Began as a Spriggan Enchanter on Apr 27, 2023.
             Was the Champion of Sif Muna.
             Mangled by a shadow dragon (9 damage)
             ... in the Dungeon (Sprint I: "Red Sonja").
             The game lasted 00:20:39 (1415 turns).

howech the Ninja (Spriggan Enchanter)               Turns: 1415, Time: 00:20:40

HP:   -6/42 (47)    AC:  2    Str:  4    XL:     11   Next: 70%
MP:   27/30         EV: 26    Int: 22    God:    Sif Muna [******]
Gold: 1840          SH:  0    Dex: 15    Spells: 23/39 levels left

rFire   + . .        a - +1 dagger
rCold   x . .        (no shield)
rNeg    . . .        b - +0 robe
rPois   .            (helmet restricted)
rElec   .            (no cloak)
rCorr   .            (gloves unavailable)
SInv    +            (boots unavailable)
Will    +....        (no amulet)
Stlth   +++++++++    o - ring of fire
HPRegen 0.27/turn    (no ring)
MPRegen 0.22/turn

%: no teleportation
@: heavily drained, very quick
A: very small, no large weapons, unfitting armour, see invisible, speed 3
a: Renounce Religion, Channel Magic, Forget Spell, Divine Exegesis


You were in the Dungeon.
You worshipped Sif Muna.
Sif Muna was exalted by your worship.
You visited 1 branch You collected 2507 gold pieces.
You spent 647 gold pieces at shops.
You donated 20 gold pieces to Zin.

Inventory:

Hand Weapons
 a - a +1 dagger (weapon)
Missiles
 j - 8 poisoned darts (quivered)
Armour
 b - a +0 robe (worn)
Jewellery
 o - a ring of fire (left hand)
Wands
 f - a wand of digging (5)
 k - a wand of paralysis (8)
Scrolls
 c - a scroll of immolation
 i - a scroll of blinking
 l - 2 scrolls of enchant weapon
Potions
 d - 3 potions of curing
 e - a potion of heal wounds
 g - 2 potions of magic
 m - a potion of might
 n - a potion of ambrosia {unknown}


   Skills:
 - Level 12.1 Short Blades
 - Level 14.5 Dodging
 O Level 27 Stealth
 + Level 14.7 Spellcasting
 + Level 3.3 Conjurations
 - Level 8.0 Hexes
 - Level 8.7 Ice Magic
 * Level 2.7 Air Magic


You had 23 spell levels left.
You knew the following spells:

 Your Spells              Type           Power      Damage    Failure   Level
a - Ensorcelled Hibernat  Hex/Ice        100%       N/A       1%          2
b - Confusing Touch       Hex            51%        N/A       1%          3
c - Passwall              Tmut/Erth      13%        N/A       5%          2
d - Frozen Ramparts       Ice            100%       1d16      1%          3
e - Ozocubu's Armour      Ice            53%        N/A       1%          3
f - Dazzling Flash        Conj/Hex       82%        N/A       1%          3

Your spell library contained the following spells:

 Spells                   Type           Power      Damage    Failure   Level
 Shock                    Conj/Air       100%       1d9       1%          1
 Tukima's Dance           Hex            51%        N/A       1%          3
 Cause Fear               Hex            25%        N/A       1%          4
 Portal Projectile        Hex/Tloc       66%        N/A       2%          3
 Sandblast                Erth           32%        2d9       3%          1
 Sting                    Tmut/Pois      64%        1d6       3%          1
 Stone Arrow              Conj/Erth      46%        3d9       5%          3
 Vhi's Electric Charge    Tloc/Air       44%        N/A       6%          3
 Ice Form                 Ice/Tmut       35%        N/A       6%          4
 Anguish                  Hex/Necr       16%        N/A       7%          4
 Leda's Liquefaction      Hex/Erth       16%        N/A       7%          4
 Call Canine Familiar     Summ           16%        N/A       11%         3
 Spider Form              Tmut/Pois      16%        N/A       11%         3
 Silence                  Hex/Air        19%        N/A       12%         5
 Simulacrum               Ice/Necr       17%        N/A       67%         6
 Conjure Ball Lightning   Conj/Air       14%        3x3d6     86%         6
 Dragon Form              Tmut           8%         N/A       100%        7
 Dragon's Call            Summ           8%         N/A       100%        9
 Polar Vortex             Ice            26%        N/A       100%        9


Dungeon Overview and Level Annotations

Branches:
Dungeon (1/1)

Altars:
Cheibriados
Dithmenos
Elyvilon
Fedhas
Gozag
Hepliaklqana
Kikubaaqudgha
Makhleb
Nemelex Xobeh
Okawaru
Qazlal
Ru
Sif Muna
Trog
Uskayaw
Vehumet
Wu Jian
Xom
Yredelemnul
Zin
The Shining One
Jiyva
Lugonu

Shops:
D ?=:(*?[[*[!!*=*?***[?


Innate Abilities, Weirdness & Mutations

You are very small and have problems with some larger weapons.
You are too small for most types of armour.
You have supernaturally acute eyesight. (SInv)
You cover ground extremely quickly. (Speed+++)


Message History

HP restored.
You open the door.
There is an open door here.
There is an open door here.
Casting: Ensorcelled Hibernation (safe; 1% risk of failure)
Confirm with . or Enter, or press ? or * to list all spells.
You don't know that spell.
Unknown command.
You see here 27 gold pieces.
You see here 27 gold pieces.
You catch the helpless shadow dragon completely off-guard!
You stick the shadow dragon like a pincushion!!!
The shadow dragon is heavily wounded.
The shadow dragon barely misses you. The shadow dragon claws you! x2
Unknown command.
Casting: Ensorcelled Hibernation (safe; 1% risk of failure)
Confirm with . or Enter, or press ? or * to list all spells.
Casting: Dazzling Flash (safe; 1% risk of failure)
Press: ? - help, Dir - look around, f - activate
Okay, then.
Casting: Dazzling Flash (safe; 1% risk of failure)
Confirm with . or Enter, or press ? or * to list all spells.
Casting: Dazzling Flash (safe; 1% risk of failure)
Press: ? - help, Dir - look around, f - activate The golden dragon roars deafeningly!
The golden dragon breathes fire at you. The bolt of fire misses you.
The shadow dragon closely misses you. The shadow dragon claws you!
The shadow dragon claws you.
Unknown command.
Unknown command.
You hit the shadow dragon but do no damage.
The shadow dragon is heavily wounded.
You barely miss the shadow dragon.
The shadow dragon is heavily wounded.
The shadow dragon bites you!
* * * LOW HITPOINT WARNING * * *
You feel drained.
* * * LOW HITPOINT WARNING * * *
The shadow dragon claws you!
You die...

***,*,,~,##'#.§§§##,,,*
*,,,*,,~##§.§§§§§§##,,*
*+***,,~#§§.§§§§§..#,,*
,,*,~,,*#...§§§....##,*
*,*,~,,#......}....§#,*
*,***,,#.§§§.:.....§#,*
*,*,+,,##§.§.......##,*
*+*,**+*#§$$$$$$$$$#,,*
,,*,*~~~##$$$$$$@$##,,*
***,*~~~~##?D$$$D##,,,*
,^^^*~~~~~########,,,,*
^,****~~~~*~~~~~*,,,,,*
,,*,,*+~~~'~~,~~',,,,,*
^,*,,,**~~*~~~~~*~~~,,*
,^*,,,,******'*****~~~*
,,*,,,,*~~~~~~~~~~**~~*
,,*******~~~~~~~~~~~~~*


You could see a shadow dragon and a golden dragon.

Vanquished Creatures
  A hydra (D)
  2 centaur warriors (D)
  Sonja (D)
  A deep troll (D)
  A lindwurm (D)
  8 shining eyes (D)
  An oklob plant (D)
  4 demonic crawlers (D)
  2 unseen horrors (D)
  2 kobold demonologists (D)
  A hornet (D)
  Sigmund (D)
  A slime creature (D)
  A yak (D)
  13 hogs (D)
  2 redbacks (D)
  7 floating eyes (D)
  An ogre (D)
  7 necrophages (D)
  8 jellies (D)
  Ijyb (D)
  A ballistomycete spore (D)
67 creatures vanquished.

Vanquished Creatures (others)
  A ballistomycete spore (D)
1 creature vanquished.

Grand Total: 68 creatures vanquished

Notes
Turn   | Place    | Note
-------+----------+-------------------------------------------
     0 | D        | howech the Spriggan Enchanter began the quest for the Orb.
     0 | D        | Reached XP level 1. HP: 9/9 MP: 5/5
     4 | D        | Noticed Ijyb
    10 | D        | Noticed an ogre
    11 | D        | Killed Ijyb
    12 | D        | Reached skill level 6 in Stealth
    12 | D        | Reached skill level 1 in Ice Magic
    12 | D        | Reached XP level 2. HP: 13/13 MP: 5/7
    15 | D        | Killed an ogre
    16 | D        | Reached skill level 5 in Dodging
    16 | D        | Reached skill level 8 in Stealth
    16 | D        | Reached skill level 5 in Hexes
    16 | D        | Reached XP level 3. HP: 16/16 MP: 6/10
    16 | D        | Reached XP level 4. HP: 21/21 MP: 6/11
    22 | D        | Learned a level 2 spell: Ensorcelled Hibernation
    26 | D        | Learned a level 3 spell: Confusing Touch
    42 | D        | Noticed Sigmund
    44 | D        | Killed Sigmund
    45 | D        | Reached skill level 5 in Short Blades
    45 | D        | Reached skill level 11 in Stealth
    45 | D        | Reached XP level 5. HP: 24/24 MP: 10/14
    74 | D        | Found a shimmering blue altar of Sif Muna.
    75 | D        | Found an ornate altar of the Wu Jian Council.
    76 | D        | Found a radiant altar of Vehumet.
    82 | D        | Reached XP level 6. HP: 28/28 MP: 13/16
    92 | D        | Found Luarch's Antique Weapon Emporium.
    92 | D        | Found an ancient bone altar of Kikubaaqudgha.
    92 | D        | Found a hazy altar of Hepliaklqana.
    92 | D        | Found a hide-covered altar of Uskayaw.
    92 | D        | Found a basalt altar of Yredelemnul.
    92 | D        | Found an opulent altar of Gozag.
    92 | D        | Found a snail-covered altar of Cheibriados.
    92 | D        | Found a sacrificial altar of Ru.
    92 | D        | Found a shadowy altar of Dithmenos.
    92 | D        | Noticed a yak
    93 | D        | Found a stormy altar of Qazlal.
    93 | D        | Found a blossoming altar of Fedhas.
    93 | D        | Found a bloodstained altar of Trog.
    93 | D        | Found an iron altar of Okawaru.
    93 | D        | Found a glowing golden altar of the Shining One.
    93 | D        | Found a glowing silver altar of Zin.
    93 | D        | Found a white marble altar of Elyvilon.
    94 | D        | Killed a yak
    95 | D        | Reached skill level 12 in Stealth
    95 | D        | Found a sparkling altar of Nemelex Xobeh.
   101 | D        | Became a worshipper of Zin the Law-Giver
   101 | D        | Reached * piety under Zin
   101 | D        | Reached ** piety under Zin
   101 | D        | Reached *** piety under Zin
   101 | D        | Reached **** piety under Zin
   101 | D        | Reached ***** piety under Zin
   101 | D        | Reached ****** piety under Zin
   109 | D        | Noticed Sonja
   113 | D        | Killed Sonja
   114 | D        | Reached skill level 15 in Stealth
   114 | D        | Reached skill level 5 in Ice Magic
   114 | D        | Reached XP level 7. HP: 32/32 MP: 17/20
   120 | D        | Found Buaps's Magic Scroll Boutique.
   130 | D        | Bought a scroll of magic mapping for 82 gold pieces
   144 | D        | Noticed a shining eye
   144 | D        | Noticed a shining eye
   144 | D        | Noticed a shining eye
   144 | D        | Noticed a shining eye
   144 | D        | Noticed a shining eye
   144 | D        | Noticed a shining eye
   149 | D        | Reached XP level 8. HP: 36/36 MP: 18/21
   149 | D        | Noticed a shining eye
   149 | D        | Noticed a shining eye
   150 | D        | Paralysed by a floating eye for 2 turns
   163 | D        | Reached skill level 16 in Stealth
   166 | D        | Killed a shining eye
   167 | D        | Reached skill level 10 in Dodging
   167 | D        | Reached skill level 17 in Stealth
   206 | D        | Killed a shining eye
   207 | D        | Reached skill level 10 in Spellcasting
   207 | D        | Reached XP level 9. HP: 39/39 MP: 6/24
   237 | D        | Killed a shining eye
   238 | D        | Reached skill level 18 in Stealth
   304 | D        | Killed a shining eye
   305 | D        | Reached skill level 19 in Stealth
   335 | D        | Killed a shining eye
   383 | D        | Killed a shining eye
   384 | D        | Reached skill level 10 in Short Blades
   433 | D        | Killed a shining eye
   434 | D        | Reached skill level 20 in Stealth
   434 | D        | Reached XP level 10. HP: 44/44 MP: 14/26
   469 | D        | Killed a shining eye
   519 | D        | Found Ciefeel's Assorted Antiques.
   519 | D        | Found Ulohuxal's Jewellery Shoppe.
   519 | D        | Found Guhirgh's Magic Scroll Boutique.
   519 | D        | Found Vown's Book Emporium.
   565 | D        | Fell from the grace of Zin
   565 | D        | Became a worshipper of Sif Muna the Loreminder
   597 | D        | Noticed a deep troll
   601 | D        | Killed a deep troll
   602 | D        | Reached skill level 21 in Stealth
   611 | D        | Found Dirap's Armour Emporium.
   632 | D        | Noticed a centaur warrior
   633 | D        | Noticed a centaur warrior
   635 | D        | Killed a centaur warrior
   636 | D        | Killed a centaur warrior
   636 | D        | Reached * piety under Sif Muna
   637 | D        | Reached skill level 22 in Stealth
   644 | D        | Noticed an oklob plant
   646 | D        | Killed an oklob plant
   652 | D        | Reached ** piety under Sif Muna
   673 | D        | Reached skill level 23 in Stealth
   674 | D        | Reached *** piety under Sif Muna
   681 | D        | Reached **** piety under Sif Muna
   683 | D        | Reached XP level 11. HP: 47/47 MP: 29/29
   704 | D        | Reached ***** piety under Sif Muna
   732 | D        | Received a gift from Sif Muna
   735 | D        | Got Sif Muna's Volume of Wintry Vapour {god gift}
   826 | D        | Found Kopn's Antique Armour Shoppe.
   826 | D        | Found Ofri's Antique Armour Shop.
   826 | D        | Found Sajef's General Store.
   828 | D        | Found Jilee's Antique Armour Emporium.
   828 | D        | Found Ketseres's Distillery.
   828 | D        | Found Xosuorhi's Distillery.
   828 | D        | Found Ylliol's General Store.
   828 | D        | Found Bukaups's Jewellery Emporium.
   828 | D        | Found Aseoshueg's Assorted Antiques.
   828 | D        | Found Geehi Gil's Magic Scroll Shoppe.
   832 | D        | Found Jeolorgh's General Store.
   833 | D        | Found Zib Bioli's General Store.
   833 | D        | Found Biacra's General Store.
   834 | D        | Found Soul's Magic Scroll Emporium.
   845 | D        | Bought a potion of degeneration for 13 gold pieces
   849 | D        | Bought a scroll of identify for 24 gold pieces
   849 | D        | Bought a scroll of identify for 24 gold pieces
   849 | D        | Bought a scroll of identify for 24 gold pieces
   900 | D        | Bought a ring of fire for 300 gold pieces
   904 | D        | Bought a book of Geomancy for 180 gold pieces
   907 | D        | Learned a level 2 spell: Passwall
   986 | D        | Found a viscous altar of Jiyva.
   986 | D        | Found a corrupted altar of Lugonu.
   987 | D        | Found a burning altar of Makhleb.
   987 | D        | Found a shimmering altar of Xom.
  1007 | D        | Reached skill level 24 in Stealth
  1058 | D        | Learned a level 3 spell: Frozen Ramparts
  1062 | D        | Learned a level 3 spell: Ozocubu's Armour
  1070 | D        | Reached skill level 25 in Stealth
  1072 | D        | Received a gift from Sif Muna
  1074 | D        | Reached skill level 26 in Stealth
  1074 | D        | Got Sif Muna's Discursus on Vitiation and Fumes {god gift}
  1087 | D        | Noticed a lindwurm
  1090 | D        | Killed a lindwurm
  1103 | D        | Reached skill level 27 in Stealth
  1106 | D        | Reached skill level 1 in Conjurations
  1108 | D        | Received a gift from Sif Muna
  1131 | D        | Received a gift from Sif Muna
  1192 | D        | Noticed a 12-headed hydra
  1194 | D        | Killed a 12-headed hydra
  1194 | D        | Reached ****** piety under Sif Muna
  1257 | D        | Noticed a shadow dragon
  1258 | D        | Noticed a golden dragon
  1270 | D        | Learned a level 3 spell: Dazzling Flash
  1415 | D        | Mangled by a shadow dragon

Illustrated notes

Levels and vault maps discovered:
D:        dungeon_sprint_1 [red_sonja_temple_1, red_sonja_temple_small_1]

Skill      XL: |  1  2  3  4  5  6  7  8  9 10 11 |
---------------+----------------------------------+-----
Short Blades   | 2 3 5 7 8 10 12 | 12.1
Dodging        | 3 5 6 9 10 12 14 | 14.5
Stealth        | 6 8 11 15 17 20 23 27 | 27.0
Spellcasting   | 3 4 6 8 10 11 13 14 | 14.7
Hexes          | 4 5 6 8 |  8.0
Ice Magic      | 1 2 3 5 6 7 8 |  8.7
Conjurations   | 3 |  3.3
Air Magic      | 2 |  2.7

Action                     |  1- 3 |  4- 6 |  7- 9 | 10-12 || total
---------------------------+-------+-------+-------+-------++-------
  Melee: Dagger            |     9 |     4 |   252 |   112 ||   377
         Punch             |       |       |     8 |     1 ||     9
  Throw: Dart              |       |       |       |     5 ||     5
   Cast: Ensorcelled Hiber |       |     1 |     9 |    13 ||    23
         Confusing Touch   |       |       |     5 |     7 ||    12
         Ozocubu's Armour  |       |       |       |     1 ||     1
         Dazzling Flash    |       |       |       |     1 ||     1
    Use: Potion            |     2 |       |     1 |     1 ||     4
         Scroll            |       |       |       |     5 ||     5
   Stab: Invisible         |     2 |       |       |       ||     2
         Sleeping          |       |     4 |     6 |    43 ||    53
         Confused          |       |       |     5 |     5 ||    10
         Distracted        |       |       |       |     1 ||     1
  Dodge: Dodged            |     4 |       |       |    30 ||    34

Table legend: (Time is in decaauts)
 A = Elapsed time spent in this place.
 B = Non-inter-level travel time spent in this place.
 C = Inter-level travel time spent in this place.
 D = Time resting spent in this place.
 E = Time spent auto-exploring this place.
 F = Levels seen in this place.
 G = Mean time per level.
                   A        B        C        D        E       F      G
               +--------+--------+--------+--------+--------+-----+--------+
         Total |   1016 |    983 |     33 |    284 |      0 |   1 | 1016.0 |
       Dungeon |   1016 |    983 |     33 |    284 |      0 |   1 | 1016.0 |
               +--------+--------+--------+--------+--------+-----+--------+

Top non-repeatable levels by time:
       D: 1016 daAuts
